 Dungeon Crawl Stone Soup version 0.30.0-29-ga12c61a403 (webtiles) character file.

Game seed: 17326553685877042552

943 Peloso the Slasher (level 7, 0/61 HPs)
             Began as a Minotaur Fighter on June 23, 2023.
             Was a Follower of Okawaru.
             Slain by an ogre
             ... wielding a +0 giant club
              (18 damage)
             ... on level 6 of the Dungeon.
             The game lasted 00:12:07 (4144 turns).

Peloso the Slasher (Minotaur Fighter)               Turns: 4144, Time: 00:12:07

Health: 0/61       AC: 11    Str: 27    XL:     7   Next: 88%
Magic:  6/6        EV:  8    Int:  5    God:    Okawaru [*.....]
Gold:   257        SH:  9    Dex: 11    Spells: 6/6 levels left

rFire   + . .        a - +0 long sword
rCold   . . .        d - +0 kite shield
rNeg    . . .        n - +1 chain mail {rPois}
rPois   +            (helmet restricted)
rElec   .            (no cloak)
rCorr   .            (no gloves)
SInv    .            (no boots)
Will    .....        (no amulet) Stlth
                     e - ring of protection from fire
HPRegen 0.30/turn    y - +6 ring of strength
MPRegen 0.10/turn

%: no passive effects
@: no status effects
A: horns 2, retaliatory headbutt
a: Renounce Religion, Heroism


You were on level 6 of the Dungeon.
You worshipped Okawaru.
Okawaru was aware of your devotion.
You visited 2 branches of the dungeon, and saw 7 of its levels.

You collected 257 gold pieces.

Inventory:

Hand Weapons
 a - a +0 long sword (weapon)
Armour
 b - a +0 scale mail
 c - a +0 buckler
 d - a +0 kite shield (worn)
 n - a +1 chain mail of poison resistance (worn)
Jewellery
 e - a ring of protection from fire (left hand)
 y - a +6 ring of strength (right hand)
 E - a ring of see invisible
Wands
 g - a wand of polymorph (10)
 A - a wand of paralysis (9)
Scrolls
 f - 2 scrolls of teleportation
 i - a scroll of magic mapping
 k - a scroll of fog
 p - a scroll of blinking
 r - 2 scrolls of identify
 s - a scroll of fear {unknown}
 v - a scroll of immolation {unknown}
 w - 3 scrolls of amnesia {unknown}
 B - a scroll of vulnerability {unknown}
 D - 3 scrolls of enchant weapon {unknown}
Potions
 h - 4 potions of might
 j - 3 potions of curing
 l - 2 potions of brilliance
 m - a potion of ambrosia
 o - a potion of mutation
 q - a potion of lignification {unknown}
 t - a potion of haste {unknown}
 u - a potion of attraction {unknown}
 x - 2 potions of berserk rage {unknown}
 z - 2 potions of heal wounds {unknown}
 C - 2 potions of invisibility {unknown}


   Skills:
 + Level 5.1 Fighting
 + Level 7.1 Long Blades
 + Level 6.1 Armour
 + Level 2.1 Dodging
 + Level 0.8 Stealth
 + Level 6.0 Shields


You had 6 spell levels left.
You didn't know any spells.
Your spell library contained the following spells:

 Spells                   Type           Power      Damage    Failure   Level
 Slow                     Hex            0%         N/A       99%         1
 Ensorcelled Hibernation  Hex/Ice        0%         N/A       100%        2
 Passwall                 Tmut/Erth      0%         N/A       100%        2
 Confusing Touch          Hex            0%         N/A       100%        3
 Hailstorm                Conj/Ice       0%         3d3       100%        3
 Swiftness                Air            0%         N/A       100%        3
 Vampiric Draining        Necr           0%         2d6       100%        3
 Ice Form                 Ice/Tmut       0%         N/A       100%        4
 Summon Small Mammal      Summ           Unusable   N/A       N/A         1
 Call Canine Familiar     Summ           Unusable   N/A       N/A         3
 Summon Guardian Golem    Hex/Summ       Unusable   N/A       N/A         3
 Simulacrum               Ice/Necr       Unusable   N/A       N/A         6

Dungeon Overview and Level Annotations

Branches:
Dungeon (6/15)             Temple (1/1) D:4

Altars:
Okawaru
Ru
Yredelemnul

Shops:
D:4 !

Annotations:
D:5 Edmund, Eustachio


Innate Abilities, Weirdness & Mutations

You have a pair of horns on your head.
You reflexively headbutt those who attack you in melee.


Message History

You closely miss something. You headbutt something. Okawaru accepts your kill.
Reactivating autopickup.
You feel a bit more experienced.
You slash the orc!
You kill the orc!
Okawaru accepts your kill.
You hit the orc priest. Your headbutt misses the orc priest.
The orc priest is moderately wounded.
The orc priest hits you with a +0 short sword.
You slash the orc priest! Your headbutt misses the orc priest.
The orc priest is severely wounded.
The orc priest hits you but does no damage.
You slash the orc priest!
You kill the orc priest!
Okawaru accepts your kill.
Your Shields skill increases to level 6!
You now have 257 gold pieces (gained 13).
Items here: ))))) [ ††††.
Items here: ))))) [ ††††.
Found a stone staircase leading down.
There is a stone staircase leading down here.
Found a stone staircase leading up.
An ogre comes into view. It is wielding a +0 giant club.
The ogre shouts!
An ogre is nearby!
An ogre is nearby!
You hit the ogre but do no damage. The ogre hits you with a +0 giant club!
You barely miss the ogre. Your headbutt misses the ogre.
You block the ogre's attack.
You slash the ogre!
The ogre is moderately wounded.
The ogre hits you with a +0 giant club!!
* * * LOW HITPOINT WARNING * * *
You hit the ogre. You headbutt the ogre.
The ogre is heavily wounded.
You hit the ogre.
The ogre is severely wounded.
The ogre hits you with a +0 giant club!!
You die...

##..## #.#
#...# #.. ##.##
##. #.# #.
####.##########
#
#..............
#.##.##.######.
# #.##.######..
#....@O......
####.######..
#.# ... ####


You could see an ogre.

Vanquished Creatures
  Grinder (D:3)
  A water moccasin (D:6)
  A centaur (D:6)
  Blork the orc (D:4)
  A scorpion (D:5)
  A hound (D:5)
  3 orc priests
  An iguana (D:3)
  A sleepcap (D:5)
  Ijyb (D:5)
  3 orc wizards
  3 gnolls (D:5)
  5 adders
  5 dart slugs
  A worm (D:2)
  9 orcs
  7 ball pythons
  3 endoplasms
  3 giant cockroaches
  2 goblins (D:3)
  6 hobgoblins
  4 jackals (D:1)
  7 kobolds
  2 quokkas
  6 bats
  5 rats
83 creatures vanquished.

Notes
Turn   | Place    | Note
-------+----------+-------------------------------------------
     0 | D:1      | Peloso the Minotaur Fighter began the quest for the Orb.
     0 | D:1      | Reached XP level 1. HP: 19/19 MP: 0/0
   196 | D:1      | Reached XP level 2. HP: 27/27 MP: 1/1
   734 | D:2      | Reached XP level 3. HP: 33/33 MP: 2/2
   906 | D:2      | Reached skill level 3 in Long Blades
  1452 | D:3      | Reached XP level 4. HP: 11/40 MP: 3/3
  1671 | D:3      | Reached skill level 4 in Long Blades
  1671 | D:3      | Reached skill level 1 in Dodging
  1676 | D:3      | Noticed Grinder
  1695 | D:3      | Paralysed by Grinder for 4 turns
  1708 | D:3      | Killed Grinder
  1709 | D:3      | Reached skill level 5 in Long Blades
  1709 | D:3      | Reached skill level 5 in Shields
  1709 | D:3      | Reached XP level 5. HP: 17/47 MP: 4/4
  1709 | D:3      | Reached XP level 6. HP: 19/53 MP: 5/5
  2401 | D:4      | Found a staircase to the Ecumenical Temple.
  2425 | Temple   | Entered the Ecumenical Temple
  2478 | Temple   | Became a worshipper of Warmaster Okawaru
  2576 | D:4      | Noticed Blork the orc
  2585 | D:4      | Killed Blork the orc
  2586 | D:4      | Reached skill level 5 in Armour
  2979 | D:4      | Found Pazuofo's Distillery.
  3266 | D:5      | Entered Level 5 of the Dungeon
  3288 | D:5      | Found a sacrificial altar of Ru.
  3339 | D:5      | Noticed Ijyb
  3339 | D:5      | Paralysed by Ijyb for 3 turns
  3346 | D:5      | Paralysed by Ijyb for 5 turns
  3356 | D:5      | Killed Ijyb
  3357 | D:5      | Reached skill level 6 in Long Blades
  3444 | D:5      | Reached XP level 7. HP: 59/60 MP: 6/6
  3592 | D:5      | Noticed Eustachio
  3592 | D:5      | Noticed Edmund
  3668 | D:6      | Reached * piety under Okawaru
  3877 | D:6      | Reached skill level 5 in Fighting
  3956 | D:6      | Reached skill level 7 in Long Blades
  4144 | D:6      | Slain by an ogre

Illustrated notes

Levels and vault maps discovered:
D:1:      minmay_arrival_four_houses, layout_basic
D:2:      layout_loops_ring
D:3:      layout_loops_ring, serial_bayou_lagoon_a,
          minmay_fractal_squares_diagonal_5, uniq_grinder
D:4:      layout_loops_corners, minmay_temple_entry_drinking_statues,
          serial_shops, shop, serial_glass, glass_columns_a, glass_columns_a,
          glass_columns_b, glass_columns_b, glass_columns_b, glass_columns_b,
          uniq_blork_the_orc
D:5:      layout_cave_pools, nicolae_ru_great_annihilating_truth,
          mainiacjoe_overflow_swirl, serial_bayou, serial_bayou_pond_c,
          serial_bayou_pond_c, serial_bayou_lagoon_b, serial_bayou_shore_a,
          uniq_eustachio, uniq_edmund, uniq_ijyb
D:6:      layout_loops_corners
Temple:   regret_index_temple_generic_petals

Skill      XL: |  1  2  3  4  5  6  7 |
---------------+----------------------+-----
Shields        | 4 5 6 |  6.0
Armour         | 4 5 6 |  6.1
Fighting       | 4 5 |  5.1
Long Blades    | 3 5 6 7 |  7.1
Dodging        | 1 2 |  2.1
Stealth        | |  0.8

Action                     |  1- 3 |  4- 6 |  7- 9 || total
---------------------------+-------+-------+-------++-------
  Melee: Long sword        |   102 |    82 |    76 ||   260
         Headbutt          |    21 |    11 |    11 ||    43
    Use: Potion            |     3 |     1 |       ||     4
         Scroll            |       |     2 |     5 ||     7
   Stab: Paralysed         |       |     2 |       ||     2
 Armour: Scale mail        |    71 |     1 |       ||    72
         Chain mail        |       |    34 |    35 ||    69
  Dodge: Dodged            |    45 |    33 |    22 ||   100
  Block: Kite shield       |    52 |    34 |    28 ||   114
         Buckler           |     1 |       |       ||     1
